 Dungeon Crawl Stone Soup version 0.29-a0-857-g9b1aa3ac5b (webtiles) character file.

Game seed: 5349972947695275060

1049 porpoise the Grappler (level 8, -2/70 HPs)
             Began as a White Draconian Transmuter on July 17, 2022.
             Was an Initiate of Fedhas.
             Slain by Grinder (4 damage)
             ... while paralysed by Grinder
             ... on level 5 of the Dungeon.
             The game lasted 00:18:07 (5170 turns).

porpoise the Grappler (White Draconian Transmuter)  Turns: 5170, Time: 00:18:07

Health: -2/70      AC:  6    Str: 15    XL:     8   Next: 5%
Magic:  10/11      EV:  2    Int: 14    God:    Fedhas [......]
Gold:   147        SH:  0    Dex: 11    Spells: 8/11 levels left

rFire   . . .      SeeInvis .     - Unarmed
rCold   + . .      Faith    .   (no shield)
rNeg    . . .      Spirit   .   (body armour unavailable)
rPois   .          Reflect  .   (helmet restricted)
rElec   .          Harm     .   (no cloak)
rCorr   .          Rampage  .   (no gloves)
Will    .....                   (no boots)
Stlth   +.........              (no amulet)
HPRegen 0.21/turn               r - +4 ring of protection
MPRegen 0.12/turn               (no ring)

@: paralysed, wereblooded, corroded
A: breathe frost, AC +6, unfitting armour, cold resistance 1, cold-blooded
a: Breathe Frost, Renounce Religion


You were on level 5 of the Dungeon.
You worshipped Fedhas.
Fedhas was noncommittal.
You visited 1 branch of the dungeon, and saw 5 of its levels.

You collected 147 gold pieces.

Inventory:

Hand Weapons
 b - a +0 sling
Missiles
 l - 11 poisoned darts
 s - 12 boomerangs
Jewellery
 r - a +4 ring of protection (left hand)
Wands
 q - a wand of paralysis (6)
 u - a wand of flame (15)
Scrolls
 e - 3 scrolls of fear
 f - a scroll of blinking {unknown}
 g - a scroll of enchant weapon {unknown}
 j - a scroll of noise
 k - a scroll of identify
 n - a scroll of silence {unknown}
 o - a scroll of enchant armour {unknown}
 v - a scroll of vulnerability {unknown}
Potions
 a - a potion of lignification
 c - a potion of invisibility
 d - a potion of mutation
 h - 5 potions of curing
 i - a potion of ambrosia
 m - 3 potions of attraction
 p - 3 potions of might
 t - a potion of resistance
 w - a potion of brilliance
 x - a potion of cancellation


   Skills:
 + Level 5.8 Fighting
 - Level 1.7 Dodging
 * Level 8.2 Unarmed Combat
 - Level 2.0 Spellcasting
 - Level 2.0 Transmutations
 + Level 1.0 Invocations


You had 8 spell levels left.
You knew the following spells:

 Your Spells              Type           Power      Damage    Failure   Level
a - Beastly Appendage     Tmut           14%        N/A       11%         1
w - Wereblood             Tmut           7%         N/A       16%         2

Your spell library contained the following spells:

 Spells                   Type           Power      Damage    Failure   Level
 Spider Form              Tmut/Pois      4%         N/A       43%         3
 Tukima's Dance           Hex            1%         N/A       56%         3
 Ice Form                 Ice/Tmut       4%         N/A       83%         4
 Passage of Golubria      Tloc           1%         N/A       93%         4
 Yara's Violent Unravell  Hex/Tmut       2%         3d3       99%         5


Dungeon Overview and Level Annotations

Branches:
Dungeon (5/15)
 Temple: D:4-7

Altars:
Fedhas
Gozag
Ru
Xom

Shops:
D:1 [   D:2 :::=

Annotations:
D:3 3 runed translucent doors, zeratav's ghost, amateur OpVM
D:5 Grinder


Innate Abilities, Weirdness & Mutations

You can breathe waves of freezing cold which knock back foes.
Your icy white scales are hard. (AC +6)
You cannot fit into any form of body armour.
Your flesh is cold resistant. (rC+)
You are cold-blooded and may be slowed by cold attacks.


Message History

The orc hits you but does no damage.
The orc zaps a wand.
The bolt of acid hits the orc!
The orc dies!
The bolt of acid hits you!
You miss something. Your headbutt misses something.
The orc wizard mumbles some strange words.
The orc wizard flickers and vanishes!
Something hits you.
You writhe in agony.
Unknown command.
The orc unwields a +0 sling.
The orc wields a +0 hand axe.
The orc hits you but does no damage. Something hits you.
Something hits you but does no damage.
Things that are here:
a +0 dagger; 2 boomerangs You miss something.
Your kick misses something.
You feel less confused. The orc misses you.
You closely miss something. Your kick misses something.
You howl as the wereblood boils in your veins!
Something hits you but does no damage. The orc completely misses you.
You hit something.
Your tail-slap misses something.
You suddenly lose the ability to move!
You hear some strange, mumbled words.
A magic dart appears from out of thin air!
The magic dart hits you! The orc hits you with a +0 hand axe.
Your horns disappear.
Your talons disappear.
The orc hits you but does no damage. Something hits you but does no damage.
Something tries to affect you, but you resist.
The orc zaps a wand.
The bolt of acid hits you!!
* * * LOW HITPOINT WARNING * * *
The acid corrodes you!
You howl as the wereblood boils in your veins!
The orc hits you with a +0 club.
* * * LOW HITPOINT WARNING * * *
Something hits you.
* * * LOW HITPOINT WARNING * * *
Something hits you.
* * * LOW HITPOINT WARNING * * *
You writhe in agony.
You die...
Fedhas appreciates your contribution to the ecosystem.

.##.....................#
....................#...##
....#.........#....##.....
....###.......#...........
...####.......#..)<..##..
...#.###....).#...........
.....###..........#.)...##
.....##........#{o#.......
.....#.......###@{......##
.#.......###.# ##o#.......
.#...##......# #?........
.....#.......# ..##...(..
#..#.#......... ... .....
####........... ... ....
#................ ....
..#......... ... ..


You could see 2 orcs.

Vanquished Creatures
  Edmund (D:4)
  A phantom (D:4)
  Blork the orc (D:4)
  5 necrophages (D:4)
  A water moccasin zombie (D:4)
  A jelly (D:4)
  3 orc priests
  2 iguanas
  3 orc wizards
  3 adders (D:2)
  2 adder zombies (D:4)
  2 worms
  2 dart slugs (D:1)
  19 orcs
  2 endoplasms
  6 giant cockroaches
  6 goblins
  9 hobgoblins
  5 jackals
  8 quokkas
  9 ball pythons
  2 bats
  A frilled lizard (D:1)
  10 kobolds
  6 rats
110 creatures vanquished.

Vanquished Creatures (others)
  A hound (D:4)
  An orc wizard (D:4)
  2 orcs
  A ball python (D:4)
  A kobold (D:4)
  A bush (D:4)
  12 plants
19 creatures vanquished.

Grand Total: 129 creatures vanquished

Notes
Turn   | Place    | Note
-------+----------+-------------------------------------------
     0 | D:1      | porpoise the Draconian Transmuter began the quest for the
                  | Orb.
     0 | D:1      | Reached XP level 1. HP: 16/16 MP: 3/3
   475 | D:1      | Reached XP level 2. HP: 23/23 MP: 3/5
   559 | D:1      | Learned a level 2 spell: Wereblood
   743 | D:1      | Found Tazu Qujasa's Armour Shop.
  1096 | D:1      | Reached XP level 3. HP: 26/29 MP: 4/6
  1287 | D:2      | Reached skill level 4 in Unarmed Combat
  1368 | D:2      | Found Qidukets's Book Boutique.
  1377 | D:2      | Found Carphot's Book Shop.
  1815 | D:2      | Found Hodwoty's General Store.
  1853 | D:2      | Reached XP level 4. HP: 34/37 MP: 5/7
  1967 | D:2      | Found Veagucw's Book Emporium.
  2061 | D:2      | Found Huops's Jewellery Emporium.
  2418 | D:3      | Found a runed translucent gate.
  2418 | D:3      | Found a runed translucent gate.
  2418 | D:3      | Found a runed translucent gate.
  2418 | D:3      | Noticed zeratav's ghost (amateur OpVM)
  2418 | D:3      | Noticed a necrophage
  3238 | D:3      | Found a faded altar of an unknown god.
  3288 | D:4      | Noticed a phantom
  3310 | D:4      | Killed a phantom
  3311 | D:4      | Reached skill level 5 in Unarmed Combat
  3311 | D:4      | Reached XP level 5. HP: 35/45 MP: 8/8
  3410 | D:4      | Noticed Blork the orc
  3422 | D:4      | Killed Blork the orc
  3648 | D:4      | Reached XP level 6. HP: 20/52 MP: 7/9
  3869 | D:4      | Found a blossoming altar of Fedhas.
  3914 | D:4      | Reached skill level 6 in Unarmed Combat
  4039 | D:4      | Found a shimmering altar of Xom.
  4064 | D:4      | Noticed Edmund
  4080 | D:4      | Killed Edmund
  4081 | D:4      | Your scales start taking on an icy white colour.
  4081 | D:4      | Reached XP level 7. HP: 57/60 MP: 10/10
  4081 | D:4      | Gained mutation: Your flesh is cold resistant. (rC+) [White
                  | Draconian growth]
  4295 | D:4      | Reached skill level 7 in Unarmed Combat
  4617 | D:4      | Found a sacrificial altar of Ru.
  4740 | D:4      | Found an opulent altar of Gozag.
  4905 | D:4      | Reached skill level 5 in Fighting
  4946 | D:4      | Reached skill level 8 in Unarmed Combat
  4949 | D:4      | Became a worshipper of Fedhas Madash
  4979 | D:5      | Entered Level 5 of the Dungeon
  5006 | D:5      | Reached XP level 8. HP: 60/70 MP: 11/11
  5154 | D:5      | Noticed Grinder
  5161 | D:5      | Reached skill level 1 in Invocations
  5168 | D:5      | Paralysed by something for 3 turns
  5170 | D:5      | HP: 2/70 [something (5)]
  5170 | D:5      | Slain by Grinder

Illustrated notes

Levels and vault maps discovered:
D:1:      minmay_arrival_split_and_join, layout_basic, serial_shops,
          nicolae_shop_hallway_plus, serial_forest, infiniplex_forest_corner_1,
          infiniplex_forest_straight_4, infiniplex_forest_clump_diagonal,
          infiniplex_forest_clump_tiny, infiniplex_forest_lined_2,
          infiniplex_forest_lined_room_3, infiniplex_forest_end_1,
          infiniplex_forest_corner_1, infiniplex_forest_straight_5
D:2:      layout_basic, serial_shops, nicolae_shop_advertising_works
          [nicolae_subvault_shop_adworks], nicolae_shop_behind_doors,
          nicolae_lakefront_shop, nicolae_diamond_shop,
          nicolae_shop_temple_entry_statues_fountains, grunt_ministairs_9
D:3:      layout_basic, dilly_ecumenical_altar_fadedgnrine,
          gammafunk_ghost_split, minmay_misc_feat_chi, minmay_misc_feat_tower,
          kennysheep_potato
D:4:      layout_loops_corners, fedhas_altar_decomposition,
          mainiacjoe_overflow_alcove_1, nicolae_gozag_seed_capital,
          xom_confusion_cloud, chequers_serial_rivers_large_a, uniq_edmund,
          uniq_blork_the_orc
D:5:      layout_cave_pools, lightli_minifort, uniq_grinder

Skill      XL: |  1  2  3  4  5  6  7  8 |
---------------+-------------------------+-----
Fighting       | 2 3 4 5 |  5.8
Unarmed Combat | 4 5 6 8 |  8.2
Invocations    | 1 |  1.0
Dodging        | |  1.7
Spellcasting   | |  2.0
Transmutations | |  2.0

Action                   |  1- 3 |  4- 6 |  7- 9 || total
-------------------------+-------+-------+-------++-------
Melee: Unarmed           |   109 |   188 |    59 ||   356
       Kick              |    13 |    24 |     8 ||    45
       Punch             |     4 |     6 |     2 ||    12
       Headbutt          |    10 |    18 |     9 ||    37
       Tailslap          |     5 |    22 |     9 ||    36
 Fire: Sling             |       |       |    88 ||    88
 Cast: Beastly Appendage |    14 |    15 |     3 ||    32
       Wereblood         |       |     2 |     2 ||     4
Evoke: Wand              |       |     2 |       ||     2
  Use: Scroll            |     4 |     6 |     2 ||    12
       Potion            |       |     1 |       ||     1
 Stab: Sleeping          |     1 |       |       ||     1
       Paralysed         |       |    10 |       ||    10
Armor: Skin              |    28 |    48 |    34 ||   110
Dodge: Dodged            |    59 |    69 |    27 ||   155

Table legend: (Time is in decaauts)
 A = Elapsed time spent in this place.
 B = Non-inter-level travel time spent in this place.
 C = Inter-level travel time spent in this place.
 D = Time resting spent in this place.
 E = Time spent auto-exploring this place.
 F = Levels seen in this place.
 G = Mean time per level.
                   A        B        C        D        E       F      G
               +--------+--------+--------+--------+--------+-----+--------+
         Total |   5182 |   5059 |    123 |   1110 |   2989 |   5 | 1036.4 |
       Dungeon |   5182 |   5059 |    123 |   1110 |   2989 |   5 | 1036.4 |
               +--------+--------+--------+--------+--------+-----+--------+

Top non-repeatable levels by time:
     D:4: 1743 daAuts
     D:1: 1261 daAuts
     D:3: 1051 daAuts
     D:2: 937 daAuts
     D:5: 188 daAuts
